 Dungeon Crawl Stone Soup version 0.26-a0-958-gf3041fb45f (webtiles) character file.

Game seed: 17591158758908486748

11 Peloso the Covered (level 2, 29/29 HPs)
             Began as a Minotaur Fighter on Dec 1, 2020.
             Got out of the dungeon alive.
             The game lasted 00:01:09 (350 turns).

Peloso the Covered (Minotaur Fighter)                Turns: 350, Time: 00:01:10

Health: 29/29      AC:  7    Str: 20    XL:     2   Next: 13%
Magic:  1/1        EV:  7    Int:  5    God:
Gold:   23         SH:  9    Dex:  9    Spells: 1/1 levels left

rFire    . . .     SeeInvis .   a - +0 long sword
rCold    . . .     Faith    .   c - +0 kite shield
rNeg     . . .     Spirit   .   b - +0 scale mail
rPois    .         Reflect  .   (helmet restricted)
rElec    .         Harm     .   (no cloak)
rCorr    .         Rampage  .   (no gloves)
MR       .....     Rnd*Tele +   (no boots)
Stlth    ..........             (no amulet)
HPRegen  0.49/turn              (no ring)
MPRegen  0.07/turn              (no ring)

@: no status effects
A: retaliatory headbutt, horns 2, regeneration 1, robust 1, teleportitis 1
a: no special abilities


You escaped.
You visited 1 branch of the dungeon, and saw 1 of its levels.

You collected 23 gold pieces.

Inventory:

Hand Weapons
 a - a +0 long sword (weapon)
Armour
 b - a +0 scale mail (worn)
 c - a +0 kite shield (worn)
Potions
 d - a potion of might


   Skills:
 + Level 3.8 Fighting
 + Level 2.6 Long Blades
 + Level 4.0 Armour
 + Level 3.7 Shields


You had one spell level left.
You didn't know any spells.
Your spell library was empty.

Dungeon Overview and Level Annotations

Branches:
Dungeon (1/15)

Altars:


Innate Abilities, Weirdness & Mutations

You reflexively headbutt those who attack you in melee.
You have a pair of horns on your head.
Your natural rate of healing is unusually fast.
You are robust. (+10% HP)
You are occasionally teleported next to monsters.


Message History

e - a murky pink potion A bat comes into view.
A bat is nearby!
You closely miss the bat. Your headbutt misses the bat.
The bat barely misses you. x2; You furiously retaliate!
You headbutt the bat!
You kill the bat!
You see here a bat corpse.
It was a potion of mutation.
You feel extremely strange.
You begin to heal more quickly.
You feel weirdly uncertain.
You feel robust.
(D) Dungeon
Where to? (? - help)
What level of the Dungeon? (default 1, ? - help)
You see here a frilled lizard corpse.
You see here 31 stones.
You see here a +0 dagger.
There is a staircase leading out of the dungeon here.
Are you sure you want to leave the Dungeon?
This will make you lose the game!
Uppercase [Y]es or [N]o only, please.
Are you sure you want to leave the Dungeon?
This will make you lose the game!
You have escaped!

.####......#.##...#
####### ..
#...#######.### ##
# # ##...## #.# ..
# ##...## ##.### #.
# ##...###....# #.
# ##...#.....# #. #
##........# #. #
#........+
######.##
.........@.#
#.....#..
###.........# #†##
########### #.# #.#
..# ... #.## #. #.


There were no monsters in sight!

Vanquished Creatures
  A giant cockroach (D:1)
  A goblin (D:1)
  3 jackals (D:1)
  3 bats (D:1)
  A frilled lizard (D:1)
  2 rats (D:1)
11 creatures vanquished.

Notes
Turn   | Place    | Note
-------+----------+-------------------------------------------
     0 | D:1      | Peloso the Minotaur Fighter began the quest for the Orb.
     0 | D:1      | Reached XP level 1. HP: 19/19 MP: 0/0
   257 | D:1      | Reached XP level 2. HP: 27/27 MP: 1/1
   272 | D:1      | Reached skill level 4 in Armour
   307 | D:1      | Gained mutation: Your natural rate of healing is unusually
                  | fast. [potion of mutation]
   307 | D:1      | Gained mutation: You are occasionally teleported next to
                  | monsters. [potion of mutation]
   307 | D:1      | Gained mutation: You are robust. (+10% HP) [potion of
                  | mutation]
   350 | D:$      | Got out of the dungeon alive.

Illustrated notes

Levels and vault maps discovered:
D:1:      elethiomel_arrival_shortcut, layout_loops_ring, tso_metal_star

Skill      XL: |  1  2 |
---------------+-------+-----
Armour         | 4 |  4.0
Fighting       | |  3.8
Long Blades    | |  2.6
Shields        | |  3.7

Action                   || total
-------------------------++-------
Melee: Long sword        ||    19
       Headbutt          ||     3
  Use: Potion            ||     1
Armor: Scale mail        ||    16
Dodge: Dodged            ||    17
Block: Kite shield       ||    16
       Rpst.: Long sword ||     3

Table legend: (Time is in decaauts)
 A = Elapsed time spent in this place.
 B = Non-inter-level travel time spent in this place.
 C = Inter-level travel time spent in this place.
 D = Time resting spent in this place.
 E = Time spent auto-exploring this place.
 F = Levels seen in this place.
 G = Mean time per level.
                   A        B        C        D        E       F      G
               +--------+--------+--------+--------+--------+-----+--------+
         Total |    357 |    316 |     41 |      0 |    244 |   1 |  357.0 |
       Dungeon |    357 |    316 |     41 |      0 |    244 |   1 |  357.0 |
               +--------+--------+--------+--------+--------+-----+--------+

Top non-repeatable levels by time:
     D:1: 357 daAuts
